 Dungeon Crawl Stone Soup version 0.15.0-31-geb66e34 (webtiles) character file.

39 Rhoefr the Fey Formicid (level 3, -1/28 HPs)
             Began as a Formicid Death Knight on Sept 13, 2014.
             Was a Believer of Yredelemnul.
             Slain by an adder (2 damage)
             ... on Level 1 of the Dungeon.
             The game lasted 00:05:35 (1279 turns).

Rhoefr the Fey Formicid (Formicid Death Knight)     Turns: 1279, Time: 00:05:35

HP  -1/28        AC  3     Str 18      XL: 3   Next: 67%
MP   6/6         EV 11     Int 10      God: Yredelemnul [**....]
Gold 42          SH  0     Dex 10      Spells:  0 memorised,  2 levels left

rFire  . . .     SeeInvis +     k - +0 long sword (curse)
rCold  . . .     Clarity  .     b - +0 leather armour
rNeg   . . .     rCorr    .     (no shield)
rPois  .         rRot     .     (helmet unavailable)
rElec  .         Spirit   .     (no cloak)
SustAb .         Warding  .     (no gloves)
rMut   .         Stasis   +     (no boots)
Gourm  .                        (no amulet)
MR     .....                    (no ring)
                                (no ring)

@: lethally poisoned, not resistant to hostile enchantments, very unstealthy
A: permanent stasis, dig shafts and tunnels, four strong arms, antennae 3
a: Dig, Shaft Self, Animate Remains, Recall Undead Slaves, Injury Mirror,
Renounce Religion


You were on level 1 of the Dungeon.
You worshipped Yredelemnul.
Yredelemnul was pleased with you.
You were hungry.

You visited 1 branch of the dungeon, and saw 2 of its levels.

You collected 42 gold pieces.

Inventory:

Hand weapons
 a - a +2 falchion
 k - a cursed +0 long sword (weapon)
Armour
 b - a +0 leather armour (worn)
Comestibles
 c - 2 bread rations
 g - 5 fruits
 h - a slice of pizza
 i - a meat ration
Scrolls
 e - a scroll of enchant weapon
 j - a scroll of noise {unknown}
Potions
 d - a potion of might {unknown}
 f - a potion of degeneration {unknown}


   Skills:
 - Level 2.3 Fighting
 - Level 2.2 Long Blades
 * Level 1.3 Armour
 + Level 1.9 Dodging
 - Level 4.0 Invocations


You had 2 spell levels left.
You didn't know any spells.

Dungeon Overview and Level Annotations

Branches:
Dungeon (2/15)

Altars:


Innate Abilities, Weirdness & Mutations

Your are under a permanent stasis effect.
You can dig through walls and to a lower floor.
Your four strong arms can wield two-handed weapons with a shield.
You have a pair of large antennae on your head (SInv).


Message History

You hit the adder but do no damage.
The adder is lightly wounded.
The adder bites you. x2
You are poisoned.
The adder poisons you!
You closely miss the adder.
The adder is lightly wounded.
You feel sick. The adder misses you. The adder bites you.
* * * LOW HITPOINT WARNING * * *
You are too injured to fight recklessly!
You are too injured to fight recklessly!
* * * LOW HITPOINT WARNING * * *
You feel sick. The adder bites you.
* * * LOW HITPOINT WARNING * * *
The adder closely misses you.
* * * LOW HITPOINT WARNING * * *
You feel sick. The adder bites you.
You die...
Your body rises from the dead as a mindless zombie.

################
#.......Z.{{..Z.
#.#######{#####Z
#.#######.# #.
#.....Z.#### #.
############....####.
#..S@.....##....#.##.
#.#######.#.......##)
#.#######.#Z...##.##(
#>...................
#########.#.########.
#.#....# #. #.####.#
#. #.####(# ##
#......#


You could see an adder.

Vanquished Creatures
  A giant gecko (D:1)
  2 oozes (D:1)
  2 ball pythons (D:1)
  9 bats
  A giant cockroach (D:1)
  4 goblins (D:1)
  2 hobgoblins (D:1)
  4 kobolds
  2 giant newts
  6 rats
33 creatures vanquished.

Vanquished Creatures (collateral kills)
  A hobgoblin (D:1)
  A rat (D:2)
2 creatures vanquished.

Vanquished Creatures (others)
  A bat zombie (D:2)
  A kobold zombie (D:1)
2 creatures vanquished.

Grand Total: 37 creatures vanquished

Notes
Turn   | Place    | Note
--------------------------------------------------------------
     0 | D:1      | Rhoefr, the Formicid Death Knight, began the quest for the Orb.
     0 | D:1      | Reached XP level 1. HP: 16/16 MP: 2/2
    14 | D:1      | Reached skill level 1 in Dodging
   310 | D:1      | Reached XP level 2. HP: 22/22 MP: 5/5
   551 | D:1      | Reached XP level 3. HP: 28/28 MP: 6/6
   909 | D:1      | Reached skill level 4 in Invocations
  1180 | D:2      | Acquired Yredelemnul's second power
  1278 | D:1      | HP: 1/28 [poisoned by an adder]
  1279 | D:1      | Slain by an adder

Action                   || total
-------------------------++-------
Melee: Falchion          ||    96
       Long sword        ||     8
Invok: Animate Remains   ||     4
  Use: Scroll            ||     2
 Stab: Distracted        ||     1
  Eat: Chunk             ||     1
